 Dungeon Crawl Stone Soup version 0.28-a0-973-ga7f8b01 (webtiles) character file.

Game seed: 18267936867754551298

97 Remcycle the Poker (level 4, -3/33 HPs)
             Began as a Merfolk Gladiator on Dec 1, 2021.
             Slain by Natasha (6 damage)
             ... on level 3 of the Dungeon.
             The game lasted 00:03:17 (2212 turns).

Remcycle the Poker (Merfolk Gladiator)              Turns: 2212, Time: 00:03:18

Health: -3/33      AC:  4    Str: 16    XL:     4   Next: 68%
Magic:  4/4        EV: 13    Int:  7    God:
Gold:   38         SH:  0    Dex: 15    Spells: 3/3 levels left

rFire   . . .      SeeInvis .   a - +0 trident
rCold   . . .      Faith    .   (no shield)
rNeg    . . .      Spirit   .   b - +0 leather armour
rPois   .          Reflect  .   c - +0 helmet
rElec   .          Harm     .   (no cloak)
rCorr   .          Rampage  .   (no gloves)
Will    .....                   (no boots)
Stlth   +.........              (no amulet)
HPRegen 0.11/turn               (no ring)
MPRegen 0.09/turn               (no ring)

@: slowed, very slow
A: (nimble swimmer 2), mertail
a: no special abilities


You were on level 3 of the Dungeon.
You visited 1 branch of the dungeon, and saw 3 of its levels.

You collected 38 gold pieces.

Inventory:

Hand Weapons
 a - a +0 trident (weapon)
Missiles
 d - 3 throwing nets (quivered)
Armour
 b - a +0 leather armour (worn)
 c - a +0 helmet (worn)
Scrolls
 e - a scroll of summoning {unknown}
 g - a scroll of vulnerability {unknown}
 i - a scroll of brand weapon {unknown}
 j - a scroll of magic mapping {unknown}
 k - a scroll of fog {unknown}
Potions
 f - a potion of lignification {unknown}
 h - a potion of cancellation {unknown}


   Skills:
 - Level 2.1 Fighting
 + Level 7.7 Polearms
 - Level 2.0 Throwing
 - Level 4.0 Dodging


You had 3 spell levels left.
You didn't know any spells.
Your spell library was empty.

Dungeon Overview and Level Annotations

Branches:
Dungeon (3/15)

Altars:
The Shining One

Shops:
D:1 =

Annotations:
D:3 Natasha


Innate Abilities, Weirdness & Mutations

((You are quick and stealthy near water. (Stealth+, EV+, Speed+++)))
Your lower body shifts to a powerful aquatic tail in water.


Message History

You miss Natasha. Natasha claws you but does no damage.
The crimson imp blinks!
Natasha misses you.
The crimson imp blinks!
You hit Natasha but do no damage. Natasha barely misses you.
You hit Natasha.
Natasha is moderately wounded.
Natasha completely misses you. The crimson imp misses you. Natasha claws you.
You hit Natasha but do no damage.
Natasha is moderately wounded.
The crimson imp hits you but does no damage.
Natasha claws you. The crimson imp misses you.
You closely miss Natasha.
Natasha is moderately wounded.
The crimson imp hits you.
Natasha stares at you and mumbles some strange words.
You feel as though you will be slow longer.
The crimson imp barely misses you.
You miss Natasha.
Natasha is moderately wounded.
The crimson imp hits you but does no damage.
Natasha barely misses you. The crimson imp hits you.
The crimson imp hits you but does no damage.
You closely miss Natasha.
Natasha is moderately wounded.
Natasha claws you.
The crimson imp hits you but does no damage.
The crimson imp barely misses you. Natasha closely misses you.
The crimson imp hits you.
You closely miss Natasha.
Natasha is moderately wounded.
The crimson imp hits you but does no damage.
Natasha barely misses you. The crimson imp closely misses you.
You puncture Natasha!
Natasha is almost dead.
The crimson imp closely misses you.
Natasha stares at you and mumbles some strange words.
The magic dart hits you!
* * * LOW HITPOINT WARNING * * *
The crimson imp completely misses you. The crimson imp misses you.
Natasha claws you.
You die...

... #.# .#.#.#.. ##...
#.# #.#.#.# ..... #.#
#.#.#.# ....###.#
#......
#....#$#########.#.#
#....#.........#.#.#
###....#######†#.#.#
#..5#............#..
#.5@...#######.#....
......h###.#.....#.#...#
....... ..#.###.#.#.#..
.<..... ####.......###..
####... #####........
.... ..########.# ##...
#.# ##..# #.... #.#
##..## ...####.# ##..##.


You could see Natasha and 2 crimson imps.

Vanquished Creatures
  Jessica (D:2)
  2 adders
  2 dart slugs (D:2)
  5 endoplasms
  2 giant cockroaches (D:1)
  3 goblins
  7 hobgoblins
  5 quokkas
  2 ball pythons (D:1)
  3 bats
  10 frilled lizards
  3 kobolds
  4 rats
49 creatures vanquished.

Vanquished Creatures (others)
  4 plants (D:2)
4 creatures vanquished.

Grand Total: 53 creatures vanquished

Notes
Turn   | Place    | Note
-------+----------+-------------------------------------------
     0 | D:1      | Remcycle the Merfolk Gladiator began the quest for the Orb.
     0 | D:1      | Reached XP level 1. HP: 16/16 MP: 1/1
    33 | D:1      | Found Xiaz's Jewellery Boutique.
    87 | D:1      | Reached skill level 5 in Polearms
   156 | D:1      | Reached XP level 2. HP: 22/22 MP: 2/2
   279 | D:1      | Found a faded altar of an unknown god.
   280 | D:1      | Noticed an eye of devastation
   282 | D:1      | Noticed a golden eye
   282 | D:1      | Noticed a great orb of eyes
   282 | D:1      | Noticed a floating eye
   672 | D:1      | Reached skill level 6 in Polearms
   672 | D:1      | Reached XP level 3. HP: 25/27 MP: 3/3
  1351 | D:2      | Noticed Jessica
  1367 | D:2      | Killed Jessica
  1368 | D:2      | Reached skill level 7 in Polearms
  1368 | D:2      | Reached XP level 4. HP: 11/33 MP: 4/4
  2095 | D:3      | Found a glowing golden altar of the Shining One.
  2196 | D:3      | Noticed Natasha
  2212 | D:3      | Slain by Natasha

Illustrated notes

Levels and vault maps discovered:
D:1:      matt_arrival_spirals, layout_loops_ring, serial_shops,
          nicolae_diamond_shop, hellmonk_ecumenical_altar_watching_god,
          minmay_misc_feat_hallway
D:2:      layout_loops_cross, minmay_lizard_king, uniq_jessica
D:3:      layout_basic, tso_metal_star, beargit_hepliaklqana_dungeon_heroes,
          chequers_serial_rivers_micro_c, serial_bayou_pond_e,
          hangedman_decor_diamond_cutter, hangedman_decor_push,
          minmay_starry_boxes, uniq_natasha

Skill      XL: |  1  2  3 |
---------------+----------+-----
Polearms       | 5 6 7 |  7.7
Fighting       | |  2.1
Throwing       | |  2.0
Dodging        | |  4.0

Action                   |  1- 3 |  4- 6 || total
-------------------------+-------+-------++-------
Melee: Trident           |   107 |    44 ||   151
  Use: Potion            |     1 |       ||     1
 Stab: Sleeping          |     2 |     2 ||     4
Armor: Leather armour    |    13 |    11 ||    24
Dodge: Dodged            |    54 |    22 ||    76

Table legend: (Time is in decaauts)
 A = Elapsed time spent in this place.
 B = Non-inter-level travel time spent in this place.
 C = Inter-level travel time spent in this place.
 D = Time resting spent in this place.
 E = Time spent auto-exploring this place.
 F = Levels seen in this place.
 G = Mean time per level.
                   A        B        C        D        E       F      G
               +--------+--------+--------+--------+--------+-----+--------+
         Total |   2214 |   2193 |     21 |    281 |   1592 |   3 |  738.0 |
       Dungeon |   2214 |   2193 |     21 |    281 |   1592 |   3 |  738.0 |
               +--------+--------+--------+--------+--------+-----+--------+

Top non-repeatable levels by time:
     D:2: 1019 daAuts
     D:1: 1000 daAuts
     D:3: 194 daAuts
